 Dungeon Crawl Stone Soup version 0.27-a0-1434-g6f15984924 (webtiles) character file.

Game seed: 15687041900606041560

54 avis the Scratcher (level 3, -2/15 HPs)
             Began as a Felid Transmuter on July 4, 2021.
             Slain by an orc (8 damage)
             ... on level 2 of the Dungeon.
             The game lasted 00:10:51 (2319 turns).

avis the Scratcher (Felid Transmuter)               Turns: 2319, Time: 00:10:52

Health: -2/15      AC:  1    Str:  6    XL:     3   Next: 66%
Magic:  7/7        EV: 18    Int: 14    God:
Gold:   98         SH:  0    Dex: 17    Spells: 2/6 levels left
                                        Lives:  0   Deaths: 0

rFire    . . .     SeeInvis +     - Unarmed
rCold    . . .     Faith    .   (shield unavailable)
rNeg     . . .     Spirit   .   (armour unavailable)
rPois    .         Reflect  .   (helmet unavailable)
rElec    .         Harm     .   (cloak unavailable)
rCorr    .         Rampage  .   (gloves unavailable)
Will     .....                  (boots unavailable)
Stlth    ++........             (no amulet)
HPRegen  0.05/turn              (no ring)
MPRegen  0.10/turn              (no ring)

@: appendages (expiring), quick
A: horns 2, very small, claws 1, fangs 3, see invisible, speed 1, shaggy fur 1,
stealthy paws, no weapons or thrown items, no armour, multi-lived
a: End Transformation


You were on level 2 of the Dungeon.
You had temporarily grown beastly horns.
You visited 1 branch of the dungeon, and saw 3 of its levels.

You collected 98 gold pieces.

Inventory:

Missiles
 b - 6 atropa-tipped darts
 d - 14 arrows
Scrolls
 c - a scroll of immolation {unknown}
 f - a scroll of enchant armour {unknown}
 g - 3 scrolls of summoning {unknown}
 h - a scroll of noise {unknown}
Potions
 a - 2 potions of might {unknown}
 e - a potion of brilliance {unknown}


   Skills:
 - Level 1.3 Fighting
 - Level 3.0 Dodging
 + Level 4.1 Unarmed Combat
 - Level 2.0 Spellcasting
 * Level 2.5 Transmutations
 * Level 0.7 Poison Magic


You had 2 spell levels left.
You knew the following spells:

 Your Spells              Type           Power      Damage    Failure   Level
a - Beastly Appendage     Tmut           16%        N/A       9%          1
p - Spider Form           Tmut/Pois      2%         N/A       36%         3

Your spell library contained the following spells:

 Spells                   Type           Power      Damage    Failure   Level
 Wereblood                Tmut           8%         N/A       13%         2
 Foxfire                  Conj/Fire      4%         2x1d4     24%         1
 Conjure Flame            Conj/Fire      1%         6-21      56%         3
 Gell's Gravitas          Tloc           0%         N/A       56%         3
 Inner Flame              Hex/Fire       1%         N/A       56%         3
 Lesser Beckoning         Tloc           0%         N/A       56%         3
 Teleport Other           Tloc           1%         N/A       56%         3
 Ice Form                 Ice/Tmut       4%         N/A       80%         4
 Summon Lightning Spire   Summ/Air       1%         N/A       93%         4
 Storm Form               Tmut/Air       2%         N/A       100%        7
 Maxwell's Capacitive Co  Air            0%         ∞         100%        8


Dungeon Overview and Level Annotations

Branches:
Dungeon (3/15)

Altars:


Innate Abilities, Weirdness & Mutations

You have temporarily grown beastly horns.
You have sharp claws.
You have razor-sharp teeth.
You have supernaturally acute eyesight. (SInv)
You cover ground quickly. (Speed+)
You are covered in fur. (AC +1)
Your paws help you pounce on unaware monsters.
You are incapable of wielding weapons or throwing items.
You cannot wear armour.
You gain extra lives every three experience levels.


Message History

You claw the orc!
The orc is almost dead.
The orc completely misses you. The orc barely misses you.
You claw the orc!
You kill the orc!
The orc closely misses you.
You see here a +0 whip.
Your horns disappear.
There is a stone staircase leading up here.
You climb upwards.
There is a stone staircase leading down here.
You start resting.
HP restored.
Casting: Beastly Appendage (safe; 9% risk of failure)
Confirm with . or Enter, or press ? or * to list all spells.
You grow a pair of large bovine horns.
You climb downwards.
The orc misses you. The orc completely misses you.
There is a stone staircase leading up here.
You scratch the orc but do no damage. The orc misses you.
You barely miss the orc. You headbutt the orc. Your bite misses the orc.
The orc is moderately wounded.
Your transformation is almost over.
The orc completely misses you.
You barely miss the orc.
The orc is moderately wounded.
The orc hits you with a +0 mace!
Ouch! That really hurt!
You closely miss the orc. Your headbutt misses the orc.
The orc is moderately wounded.
You closely miss the orc. You claw the orc.
The orc is heavily wounded.
The orc completely misses you.
You scratch the orc but do no damage. You headbutt the orc, but do no damage.
The orc is heavily wounded.
The orc completely misses you.
You scratch the orc but do no damage.
The orc is heavily wounded.
The orc hits you with a +0 mace!
Ouch! That really hurt!
You die...

#<##..# ##...##...#...##.#
#...#.#### #..#.#...####.##.#
###.#....## #.##.......^..##.##
#.####..# #.###..##.)...>...#
####.# ##.###.#....##.........#
..##.# #..##......##.........#
#.##.######..#......######.....#
#.)..............o..# ##...[...#
####.#######....@...# #..#.#####
# #.#..)>...#......###.##.## #
##.o.#######.......##.##..#
###>..## #............##.#
.......# #.#####.####..#.#
######.# ####.# ##.# ##...# .#
#.###....####..# ###.## .#
#..##.........## #..# .#
####....######### #..#


You could see an orc.

Vanquished Creatures
  An adder (D:2)
  A dart slug (D:1)
  An orc (D:2)
  3 endoplasms (D:1)
  A giant cockroach (D:1)
  4 goblins
  6 hobgoblins
  6 jackals
  2 kobolds
  A quokka (D:2)
  2 ball pythons
  3 bats (D:1)
  3 frilled lizards (D:1)
  4 rats
38 creatures vanquished.

Notes
Turn   | Place    | Note
-------+----------+-------------------------------------------
     0 | D:1      | avis the Felid Transmuter began the quest for the Orb.
     0 | D:1      | Reached XP level 1. HP: 9/9 MP: 4/4
   350 | D:1      | Reached XP level 2. HP: 12/12 MP: 4/6
  1034 | D:2      | Reached skill level 4 in Unarmed Combat
  1034 | D:2      | Reached XP level 3. HP: 6/15 MP: 7/7
  1210 | D:1      | Learned a level 3 spell: Spider Form
  1940 | D:2      | Found a faded altar of an unknown god.
  2319 | D:2      | Slain by an orc

Illustrated notes

Levels and vault maps discovered:
D:1:      dpeg_arrival_round_a, layout_basic
D:2:      layout_rooms, ebering_ecumenical_altar_webs
D:3:      layout_basic, grunt_dithmenos_smoke_and_mirrors,
          chequers_temple_overflow_statue_of_worship, fedhas_altar_3

Skill      XL: |  1  2 |
---------------+-------+-----
Dodging        | 3 |  3.0
Unarmed Combat | 4 |  4.1
Fighting       | |  1.3
Spellcasting   | |  2.0
Transmutations | |  2.5
Poison Magic   | |  0.7

Action                   || total
-------------------------++-------
Melee: Unarmed           ||    91
       Headbutt          ||    11
       Bite              ||     4
       Punch             ||     1
 Cast: Beastly Appendage ||    28
       Spider Form       ||     2
 Stab: Sleeping          ||     7
Armor: Skin              ||     3
Dodge: Dodged            ||    68

Table legend: (Time is in decaauts)
 A = Elapsed time spent in this place.
 B = Non-inter-level travel time spent in this place.
 C = Inter-level travel time spent in this place.
 D = Time resting spent in this place.
 E = Time spent auto-exploring this place.
 F = Levels seen in this place.
 G = Mean time per level.
                   A        B        C        D        E       F      G
               +--------+--------+--------+--------+--------+-----+--------+
         Total |   2103 |   2051 |     52 |    914 |    702 |   3 |  701.0 |
       Dungeon |   2103 |   2051 |     52 |    914 |    702 |   3 |  701.0 |
               +--------+--------+--------+--------+--------+-----+--------+

Top non-repeatable levels by time:
     D:1: 1543 daAuts
     D:2: 533 daAuts
     D:3: 26 daAuts
